 Dungeon Crawl Stone Soup version 0.30.1-9-gdf580d7c3d (webtiles) character file.

Game seed: 17851112429942011238

545 KittyFluff the Covered (level 7, -2/44 HPs)
             Began as a Gargoyle Berserker on Oct 10, 2023.
             Was a Priest of Trog.
             Shot with an arrow by a centaur (4 damage)
             ... on level 5 of the Dungeon.
             The game lasted 00:15:37 (3922 turns).

KittyFluff the Covered (Gargoyle Berserker)         Turns: 3922, Time: 00:15:38

Health: -2/44      AC: 14    Str: 20    XL:     7   Next: 27%
Magic:  7/7        EV: 12    Int:  8    God:    Trog [***...]
Gold:   308        SH:  0    Dex: 11    Spells: 6/6 levels left

rFire   + . .        k - +0 quarterstaff
rCold   + + .        (shield currently unavailable)
rNeg    + . .        s - +1 leather armour {rPois}
rPois   ∞            (helmet restricted)
rElec   +            (no cloak)
rCorr   .            n - +0 pair of gloves
SInv    .            (no boots)
Will    .....        (no amulet)
Stlth   +            x - ring "Beih" {rF+ rC++ AC+4}
HPRegen 0.27/turn    (no ring)
MPRegen 0.10/turn

%: no passive effects
@: on berserk cooldown, slowed, very slow
A: sickness immunity, AC +4, negative energy resistance 1, electricity
resistance, torment resistance 1, petrification resistance, horns 1,
deterioration 1, no potion heal 1, subdued magic 1
a: Renounce Religion, Berserk, Trog's Hand


You were on level 5 of the Dungeon.
You worshipped Trog.
Trog was most pleased with you.
You visited 1 branch of the dungeon, and saw 5 of its levels.
You also visited: Sewer.

You collected 308 gold pieces.

Inventory:

Hand Weapons
 k - a +0 quarterstaff (weapon)
 p - a +3 flail
 v - a +0 sling
Missiles
 o - 15 poisoned darts (quivered)
Armour
 f - a +0 helmet
 n - a +0 pair of gloves (worn)
 s - a +1 leather armour of poison resistance (worn)
Jewellery
 x - the ring "Beih" (left hand) {rF+ rC++ AC+4}
   (You found it on level 4 of the Dungeon)

   [ring of protection]

   AC:        It affects your AC (+4).
   rF:        It protects you from fire.
   rC:        It greatly protects you from cold.
Wands
 D - a wand of iceblast (7)
Scrolls
 c - a scroll of enchant weapon {unknown}
 d - 10 scrolls of identify {unknown}
 h - 2 scrolls of fear {unknown}
 j - 2 scrolls of amnesia {unknown}
 l - 2 scrolls of vulnerability {unknown}
 m - a scroll of noise {unknown}
 u - a scroll of silence {unknown}
 w - 2 scrolls of teleportation {unknown}
 y - a scroll of immolation {unknown}
 B - 2 scrolls of enchant armour {unknown}
 C - a scroll of butterflies {unknown}
Potions
 a - a potion of attraction {unknown}
 b - a potion of berserk rage {unknown}
 e - a potion of brilliance {unknown}
 g - a potion of might {unknown}
 i - a potion of mutation
 q - a potion of heal wounds {unknown}
 r - a potion of curing {unknown}
 t - a potion of ambrosia {unknown}
 z - 3 potions of degeneration
 A - 5 potions of flight


   Skills:
 + Level 4.6 Fighting
 + Level 4.2(4.8) Maces & Flails
 * Level 3.3(4.3) Staves
 * Level 4.9 Armour
 + Level 2.8 Dodging


You had 6 spell levels left.
You didn't know any spells.
Your spell library was empty.

Dungeon Overview and Level Annotations

Branches:
Dungeon (5/15)              Sewer (visited)
 Temple: D:4-7

Altars:
Cheibriados
Ru


Innate Abilities, Weirdness & Mutations

You are immune to sickness and miasma.
Your stone body is resilient. (AC +4)
You are immune to poison.
You resist negative energy. (rN+)
You are resistant to electric shocks. (rElec)
You are resistant to unholy torment.
You are immune to petrification.
You have a pair of small horns on your head.
Your body sometimes deteriorates upon taking damage.
Potions are less effective at restoring your health.
Your spells are a little easier to cast, but a little less powerful.


Message History

You barely miss the iguana.
The iguana is severely wounded.
The iguana closely misses you.
You thump the iguana!
You kill the iguana!
Trog accepts your kill.
You start resting.
You feel a strong urge to attack something.
You start resting.
You are no longer berserk.
You are exhausted.
You feel yourself slow down.
A centaur comes into view.
You hear the slow hiss of a distant avalanche of sand.
The centaur shouts!
The centaur wields a +3 shortbow.
The centaur shoots an arrow.
The arrow hits you but does no damage.
A hound comes into view.
The hound barks!
The centaur shoots an arrow.
The arrow hits you but does no damage.
The centaur shoots an arrow.
The arrow hits you.
The centaur shoots an arrow.
The arrow hits you.
The centaur shoots an arrow.
The arrow hits you.
Found a scroll labelled ANLOANI LUTECO.
The centaur shoots an arrow.
The arrow misses you.
The centaur shoots an arrow.
The arrow hits you! The hound bites you but does no damage.
You see here 16 gold pieces.
You now have 308 gold pieces (gained 16).
The hound barely misses you.
The centaur shoots an arrow.
The arrow hits you!
* * * LOW HITPOINT WARNING * * *
The hound completely misses you.
Found 3 scrolls labelled XISSUS ACRAHA.
The centaur shoots an arrow.
The arrow hits you!
* * * LOW HITPOINT WARNING * * *
The hound closely misses you. The hound bites you but does no damage.
It was a potion of mutation.
You feel extremely strange.
Your system partially rejects the healing effects of potions.
You feel yourself wasting away.
Your connection to magic feels subdued.
A pair of horns grows on your head!
Your +0 helmet falls away!
The centaur shoots an arrow.
The arrow hits you.
You die...

...###..#......# .#
#......#....#..# ..# .#
............#..##.###.##
...........†.....#.....
###..c.......<..###....h
.................# .....
.................##.....
##...#.h..#.#....#.....
... #@#.##.##......... #
#.......###........
#.................#
#.......##.........
........###.........
........# #.........
..?.....# #.........
?......... ..........


You could see a centaur and a hound.

Vanquished Creatures
  A black bear (D:5)
  A kobold brigand (D:4)
  A scorpion (D:4)
  A hound (D:4)
  2 iguanas
  11 adders
  6 river rats (Sewer)
  3 dart slugs
  3 orcs (D:3)
  8 endoplasms
  2 giant cockroaches
  4 goblins
  A hobgoblin (D:1)
  3 jackals (D:5)
  5 quokkas
  15 ball pythons
  11 bats
  3 frilled lizards
  8 kobolds
  6 rats
95 creatures vanquished.

Notes
Turn   | Place    | Note
-------+----------+-------------------------------------------
     0 | D:1      | KittyFluff the Gargoyle Berserker began the quest for the
                  | Orb.
     0 | D:1      | Reached XP level 1. HP: 14/14 MP: 1/1
   160 | D:1      | Reached XP level 2. HP: 15/19 MP: 2/2
   893 | D:2      | Reached XP level 3. HP: 23/23 MP: 3/3
  1213 | D:2      | Found a snail-covered altar of Cheibriados.
  1628 | D:3      | Reached XP level 4. HP: 16/29 MP: 4/4
  2073 | D:3      | Reached skill level 1 in Staves
  2373 | D:4      | Reached ** piety under Trog
  2400 | D:4      | Reached XP level 5. HP: 19/33 MP: 5/5
  2522 | D:4      | Identified the ring "Beih" {rF+ rC++ AC+4}
  2636 | D:4      | Noticed a kobold brigand
  2653 | D:4      | Killed a kobold brigand
  2654 | D:4      | Reached XP level 6. HP: 32/38 MP: 6/6
  2719 | D:4      | Found a glowing drain.
  2741 | Sewer    | Entered a sewer
  3235 | Sewer    | Reached *** piety under Trog
  3648 | D:4      | Found a sacrificial altar of Ru.
  3867 | D:5      | Entered Level 5 of the Dungeon
  3891 | D:5      | Noticed a black bear
  3907 | D:5      | Killed a black bear
  3908 | D:5      | Reached XP level 7. HP: 44/44 MP: 7/7
  3921 | D:5      | HP: 1/44 [centaur/arrow (7)]
  3922 | D:5      | Gained mutation: Potions are less effective at restoring
                  | your health. [potion of mutation]
  3922 | D:5      | Gained mutation: Your body sometimes deteriorates upon
                  | taking damage. [potion of mutation]
  3922 | D:5      | Gained mutation: Your spells are a little easier to cast,
                  | but a little less powerful. [potion of mutation]
  3922 | D:5      | Gained mutation: You have a pair of small horns on your
                  | head. [potion of mutation]
  3922 | D:5      | Shot with an arrow by a centaur

Illustrated notes

Levels and vault maps discovered:
D:1:      erik_arrival_orb_chamber, layout_basic, roderic_roman_lattice,
          kennysheep_pointless_box
D:2:      layout_basic, basic_altar
D:3:      layout_basic, dk_noncrumbling_2
D:4:      cheibrodos_quashed, layout_basic, mainiacjoe_overflow_six_doors_small,
          portal_sewer_entry_b
D:5:      layout_rooms, nicolae_kikubaaqudgha_miasma_corner,
          minmay_temple_entry_overgrown, enter_ossuary_4,
          hangedman_abyss_or_decor_stagger

Skill      XL: |  1  2  3  4  5  6 |
---------------+-------------------+-----
Armour         | 3 4 |  4.9
Dodging        | 2 |  2.8
Staves         | 1 2 3 |  3.3
Fighting       | 4 |  4.6
Maces & Flails | 4 |  4.2

Action                     |  1- 3 |  4- 6 |  7- 9 || total
---------------------------+-------+-------+-------++-------
  Melee: Mace              |    58 |       |       ||    58
         Quarterstaff      |    29 |   280 |     3 ||   312
         Punch             |     1 |       |       ||     1
 Invoke: Berserk           |       |     3 |       ||     3
    Use: Potion            |       |       |     1 ||     1
 Armour: Animal skin       |    39 |    10 |       ||    49
         Leather armour    |       |   229 |     4 ||   233
  Dodge: Dodged            |    76 |   252 |     6 ||   334
